NCAA
MISSISSIPPI REBELS @ VIRGINIA CAVALIERS
04/23/2030
 
TOP OF THE 1ST
Mississippi Rebels batting - Pitching for Virginia Cavaliers : LHP Ken James
Pitching: LHP Ken James
Batting: LHB Bob Crawford 0-0: Called Strike
0-1: Swinging Strike
0-2: Ball
1-2: Ball
2-2: Ball
3-2: Foul Ball, location: 2F
3-2: Foul Ball, location: 2F
3-2: Ground out U3 (Groundball, 3)
Batting: LHB Erik Moore 0-0: Ball
1-0: Called Strike
1-1: Called Strike
1-2: Foul Ball, location: 2F
1-2: SINGLE (Line Drive, 8LM)
Batting: RHB Jesús Pérez 0-0: Ball
1-0: Called Strike
1-1: Foul Ball, location: 2F
1-2: SINGLE (Groundball, 15S) (infield hit)
Erik Moore to second
Batting: LHB Howard Tyler 0-0: Fly out, F8 (Flyball, 78D)
Batting: RHB Fernando Pagán 0-0: Fielders Choice at 2nd, 5-4 (Groundball, 5)
Top of the 1st over - 0 runs, 2 hits, 0 errors, 2 left on base; Mississippi 0 - Virginia 0
BOTTOM OF THE 1ST
Virginia Cavaliers batting - Pitching for Mississippi Rebels : RHP John Hill
Pitching: RHP John Hill
Batting: LHB Randy Pérez 0-0: Ball
1-0: Called Strike
1-1: Ground out 3-1 (Groundball, 34)
Batting: LHB Jason Thompson 0-0: Called Strike
0-1: Ball
1-1: Foul Ball, location: 2F
1-2: Fly out, F5 (Popup, 56)
Batting: LHB Jack Davis 0-0: Swinging Strike
0-1: DOUBLE (Flyball, 8RXD)
Batting: LHB Andrés Méndez 0-0: Ball
1-0: Called Strike
1-1: Ball
2-1: Ball
Wild Pitch!
Jack Davis to third
3-1: Base on Balls
Batting: RHB Randy Love 0-0: Ball
1-0: Ball
2-0: Swinging Strike
2-1: Swinging Strike
2-2: Foul Ball, location: 2F
2-2: Strikes out swinging
Bottom of the 1st over - 0 runs, 1 hit, 0 errors, 2 left on base; Mississippi 0 - Virginia 0
TOP OF THE 2ND
Mississippi Rebels batting - Pitching for Virginia Cavaliers : LHP Ken James
Batting: RHB Mike Jorgenson 0-0: Ball
1-0: Ball
2-0: Ball
3-0: Base on Balls
Batting: SHB Roy McBride 0-0: Grounds into double play, 6-4-3 (Groundball, 6)
Batting: LHB Brian Barrón 0-0: Ball
1-0: Called Strike
1-1: Fly out, F8 (Flyball, 8RD)
Top of the 2nd over - 0 runs, 0 hits, 0 errors, 0 left on base; Mississippi 0 - Virginia 0
BOTTOM OF THE 2ND
Virginia Cavaliers batting - Pitching for Mississippi Rebels : RHP John Hill
Batting: SHB Ed Hall 0-0: SINGLE (Line Drive, 78S)
Batting: RHB Anthony Scott 0-0: Called Strike
0-1: Ball
1-1: Ball
2-1: Foul Ball, location: 2F
2-2: Grounds into double play, 4-6-3 (Groundball, 4)
Batting: RHB Mark Greene 0-0: Called Strike
0-1: Ground out 5-3 (Groundball, 56S)
Bottom of the 2nd over - 0 runs, 1 hit, 0 errors, 0 left on base; Mississippi 0 - Virginia 0
TOP OF THE 3RD
Mississippi Rebels batting - Pitching for Virginia Cavaliers : LHP Ken James
Batting: RHB Albert Hunt 0-0: Ball
1-0: Called Strike
1-1: Called Strike
1-2: SINGLE (Groundball, 6D)
Batting: LHB Bob Crawford 0-0: Called Strike
0-1: Ball
1-1: Foul Ball, location: 2F
1-2: Ball
2-2: Foul Ball, location: 2F
2-2: Foul Ball, location: 2F
2-2: Ground out 4-3 (Groundball, 4M)
Albert Hunt to second
Batting: LHB Erik Moore 0-0: Foul Ball, location: 2F
0-1: Ball
1-1: Foul Ball, location: 2F
1-2: Strikes out looking
Batting: RHB Jesús Pérez 0-0: Ball
1-0: Ball
2-0: Foul Ball, location: 2F
2-1: Foul Ball, location: 2F
2-2: Ground out 4-3 (Groundball, 4)
Top of the 3rd over - 0 runs, 1 hit, 0 errors, 1 left on base; Mississippi 0 - Virginia 0
BOTTOM OF THE 3RD
Virginia Cavaliers batting - Pitching for Mississippi Rebels : RHP John Hill
Batting: SHB Ed Andrews 0-0: Called Strike
0-1: Foul Ball, location: 2F
0-2: Foul Ball, location: 2F
0-2: Strikes out looking
Batting: LHB Randy Pérez 0-0: SINGLE (Line Drive, 56D)
Batting: LHB Jason Thompson 0-0: Called Strike
0-1: Ball
1-1: Ball
2-1: Called Strike
2-2: Foul Ball, location: 2F
2-2: Foul Ball, location: 2F
2-2: Foul Ball, location: 2F
2-2: DOUBLE (Line Drive, 9LM)
Randy Pérez to third
Runner from 3rd tries for Home, SAFE, throw made at trailing runner, OUT at third!
Batting: LHB Jack Davis 0-0: Ball
1-0: Foul Ball, location: 2F
1-1: Foul Ball, location: 2F
1-2: Strikes out swinging
Bottom of the 3rd over - 1 run, 2 hits, 0 errors, 0 left on base; Mississippi 0 - Virginia 1
TOP OF THE 4TH
Mississippi Rebels batting - Pitching for Virginia Cavaliers : LHP Ken James
Batting: LHB Howard Tyler 0-0: Ball
1-0: Called Strike
1-1: Called Strike
1-2: Foul Ball, location: 2F
1-2: Ground out U3 (Groundball, 3L)
Batting: RHB Fernando Pagán 0-0: Swinging Strike
0-1: Ball
1-1: Ball
2-1: Ball
3-1: Ground out 6-3 (Groundball, 6)
Batting: RHB Mike Jorgenson 0-0: SOLO HOME RUN (Flyball, 7LD), Distance : 337 ft
Batting: SHB Roy McBride 0-0: Ball
1-0: Called Strike
1-1: Fly out, F8 (Line Drive, 8LM)
Top of the 4th over - 1 run, 1 hit, 0 errors, 0 left on base; Mississippi 1 - Virginia 1
BOTTOM OF THE 4TH
Virginia Cavaliers batting - Pitching for Mississippi Rebels : RHP John Hill
Batting: LHB Andrés Méndez 0-0: Ball
1-0: Foul Ball, location: 2F
1-1: SINGLE (Flyball, 89M)
Batting: RHB Randy Love 0-0: Ball
1-0: SINGLE (Groundball, 56D)
Andrés Méndez to second
Batting: SHB Ed Hall 0-0: Ball
1-0: Ball
2-0: Ball
3-0: Base on Balls
Andrés Méndez to third
Randy Love to second
Batting: RHB Anthony Scott 0-0: Called Strike
0-1: Fly out, F9 (Flyball, 89M)
Runner from 3rd tags up, SCORES, throw made
Batting: RHB Mark Greene 0-0: Foul Ball, location: 2F
0-1: Foul Ball, location: 2F
0-2: Ball
1-2: Ground out 5-3 (Groundball, 56S)
Randy Love to third
Ed Hall to second
Batting: SHB Ed Andrews 0-0: Ball
1-0: Called Strike
1-1: Foul Ball, location: 2F
1-2: Ball
2-2: Ball
3-2: Foul Ball, location: 2F
3-2: Foul Ball, location: 2F
3-2: Ground out U3 (Groundball, 34)
Bottom of the 4th over - 1 run, 2 hits, 0 errors, 2 left on base; Mississippi 1 - Virginia 2
TOP OF THE 5TH
Mississippi Rebels batting - Pitching for Virginia Cavaliers : LHP Ken James
Batting: LHB Brian Barrón 0-0: Called Strike
0-1: Ball
1-1: Swinging Strike
1-2: Foul Ball, location: 2F
1-2: Ball
2-2: Ball
3-2: Base on Balls
Batting: RHB Albert Hunt 0-0: Swinging Strike
0-1: Ball
1-1: Called Strike
1-2: Foul Ball, location: 2F
1-2: Strikes out swinging
Batting: LHB Bob Crawford 0-0: Foul Ball, location: 2F
0-1: Ball
1-1: Fielders Choice at 2nd, 5-4 (Groundball, 5)
Batting: LHB Erik Moore 0-0: Ball
Bob Crawford steals 2nd base
1-0: Called Strike
1-1: Called Strike
1-2: Fly out, F4 (Line Drive, 4)
Top of the 5th over - 0 runs, 0 hits, 0 errors, 1 left on base; Mississippi 1 - Virginia 2
BOTTOM OF THE 5TH
Virginia Cavaliers batting - Pitching for Mississippi Rebels : RHP John Hill
Batting: LHB Randy Pérez 0-0: Foul Ball, location: 2F
0-1: Hit by Pitch
Pinch Runner at 1st Scott Hughes:
Batting: LHB Jason Thompson 0-0: Ball
1-0: Swinging Strike
1-1: Ball
2-1: Ball
3-1: Base on Balls
Scott Hughes to second
Batting: LHB Jack Davis 0-0: Foul Ball, location: 2F
0-1: Fly out, F9 (Flyball, 89M)
Runner from 2nd tags up, SAFE at 3rd with throw
Batting: LHB Andrés Méndez 0-0: Called Strike
0-1: Fly out, F9 (Flyball, 9LS)
Runner from 3rd tags up, SCORES, throw made
Pitching: LHP Paul Hart
Batting: RHB Randy Love 0-0: Called Strike
0-1: Fly out, F7 (Flyball, 7)
Bottom of the 5th over - 1 run, 0 hits, 0 errors, 1 left on base; Mississippi 1 - Virginia 3
TOP OF THE 6TH
Mississippi Rebels batting - Pitching for Virginia Cavaliers : LHP Ken James
Pitching: LHP Henry Alemán
Now at SS: Scott Hughes
Batting: RHB Jesús Pérez 0-0: Swinging Strike
0-1: Swinging Strike
0-2: Strikes out swinging
Batting: LHB Howard Tyler 0-0: Ground out 3-1 (Groundball, 34)
Batting: RHB Fernando Pagán 0-0: Ball
1-0: Fly out, F6 (Line Drive, 6M)
Top of the 6th over - 0 runs, 0 hits, 0 errors, 0 left on base; Mississippi 1 - Virginia 3
BOTTOM OF THE 6TH
Virginia Cavaliers batting - Pitching for Mississippi Rebels : LHP Paul Hart
Batting: SHB Ed Hall 0-0: Ball
1-0: Ball
2-0: Called Strike
2-1: Foul Ball, location: 2F
2-2: Ground out 5-3 (Groundball, 56S)
Batting: RHB Anthony Scott 0-0: Called Strike
0-1: Swinging Strike
0-2: Ball
1-2: Fly out, F8 (Flyball, 89M)
Batting: RHB Mark Greene 0-0: Swinging Strike
0-1: Swinging Strike
0-2: Ball
1-2: Fly out, F9 (Line Drive, 9)
Bottom of the 6th over - 0 runs, 0 hits, 0 errors, 0 left on base; Mississippi 1 - Virginia 3
TOP OF THE 7TH
Mississippi Rebels batting - Pitching for Virginia Cavaliers : LHP Henry Alemán
Pitching: RHP Juan García
Batting: RHB Mike Jorgenson 0-0: Ball
1-0: Ball
2-0: Called Strike
2-1: Foul Ball, location: 2F
2-2: Strikes out swinging
Pitching: RHP Michael Crosby
Batting: SHB Roy McBride 0-0: Ground out 4-3 (Groundball, 4)
Batting: LHB Brian Barrón 0-0: Foul Ball, location: 2F
0-1: Called Strike
0-2: Ball
1-2: Strikes out swinging
Top of the 7th over - 0 runs, 0 hits, 0 errors, 0 left on base; Mississippi 1 - Virginia 3
BOTTOM OF THE 7TH
Virginia Cavaliers batting - Pitching for Mississippi Rebels : LHP Paul Hart
Batting: SHB Ed Andrews 0-0: Called Strike
0-1: SOLO HOME RUN (Line Drive, 78XD), Distance : 381 ft
Batting: RHB Scott Hughes 0-0: Called Strike
0-1: Ball
1-1: Called Strike
1-2: Ball
2-2: Foul Ball, location: 2F
2-2: Fly out, F8 (Flyball, 8RM)
Batting: LHB Jason Thompson 0-0: Ball
1-0: Foul Ball, location: 2F
1-1: Fly out, F5 (Popup, 5F)
Batting: LHB Jack Davis 0-0: SINGLE (Line Drive, 9LS)
Batting: LHB Andrés Méndez 0-0: Fly out, F9 (Flyball, 89M)
Bottom of the 7th over - 1 run, 2 hits, 0 errors, 1 left on base; Mississippi 1 - Virginia 4
TOP OF THE 8TH
Mississippi Rebels batting - Pitching for Virginia Cavaliers : RHP Michael Crosby
Batting: RHB Albert Hunt 0-0: Ball
1-0: SINGLE (Groundball, 6MD)
Batting: LHB Bob Crawford 0-0: Ball
1-0: Foul Ball, location: 2F
1-1: Swinging Strike
1-2: Ball
2-2: Ball
3-2: Foul Ball, location: 2F
3-2: Ground out 4-3 (Groundball, 34)
Albert Hunt to second
Batting: LHB Erik Moore 0-0: Called Strike
0-1: Swinging Strike
0-2: Ball
1-2: Foul Ball, location: 2F
1-2: SINGLE (Groundball, 34) (infield hit)
Albert Hunt to third
Batting: RHB Jesús Pérez 0-0: Ball
Wild Pitch!
Albert Hunt scores
Erik Moore to second
1-0: Ball
2-0: Ball
3-0: Called Strike
3-1: Base on Balls
Pitching: RHP Robby Robinson
Batting: LHB Howard Tyler 0-0: Called Strike
0-1: Ball
1-1: SINGLE (Line Drive, 34)
Erik Moore to third
Jesús Pérez to second
Runner from 3rd tries for Home, SAFE, no throw
Batting: RHB Fernando Pagán 0-0: Called Strike
0-1: Called Strike
0-2: Ball
1-2: Foul Ball, location: 2F
1-2: Strikes out swinging
Batting: RHB Mike Jorgenson 0-0: Ball
1-0: SINGLE (Groundball, 6MD)
Jesús Pérez to third
Howard Tyler to second
Runner from 3rd tries for Home, SAFE, no throw
Batting: SHB Roy McBride 0-0: Ball
1-0: Ball
2-0: Ball
3-0: Called Strike
3-1: Called Strike
3-2: Foul Ball, location: 2F
3-2: Fly out, F8 (Flyball, 8LD)
Top of the 8th over - 3 runs, 4 hits, 0 errors, 2 left on base; Mississippi 4 - Virginia 4
BOTTOM OF THE 8TH
Virginia Cavaliers batting - Pitching for Mississippi Rebels : LHP Paul Hart
Batting: RHB Randy Love 0-0: Ball
1-0: Swinging Strike
1-1: Foul Ball, location: 2F
1-2: Ball
2-2: Ball
3-2: Strikes out swinging
Batting: SHB Ed Hall 0-0: Ball
1-0: Ball
2-0: Foul Ball, location: 2F
2-1: SINGLE (Groundball, 4MD)
Batting: RHB Anthony Scott 0-0: Called Strike
0-1: Fielders Choice at 2nd, 1-6 (Groundball, 13)
Pinch Hitting: SHB Frank Sewell 0-0: Called Strike
0-1: Called Strike
0-2: Ground out 1-3 (Groundball, 15S)
Bottom of the 8th over - 0 runs, 1 hit, 0 errors, 1 left on base; Mississippi 4 - Virginia 4
TOP OF THE 9TH
Mississippi Rebels batting - Pitching for Virginia Cavaliers : RHP Robby Robinson
Now at 2B: Scotty Humphrey
Batting: LHB Brian Barrón 0-0: Ball
1-0: Ball
2-0: Called Strike
2-1: Foul Ball, location: 2F
2-2: Foul Ball, location: 2F
2-2: Strikes out swinging
Pinch Hitting: RHB Manuel Ortíz 0-0: Called Strike
0-1: Ball
1-1: Ball
2-1: SOLO HOME RUN (Flyball, 7LD), Distance : 315 ft
Batting: LHB Bob Crawford 0-0: Ball
1-0: Ball
2-0: Ball
3-0: Base on Balls
Batting: LHB Erik Moore 0-0: Called Strike
0-1: Called Strike
0-2: Ball
1-2: Ball
2-2: Strikes out swinging
Batting: RHB Jesús Pérez 0-0: Called Strike
0-1: Ball
1-1: Foul Ball, location: 2F
1-2: Ball
2-2: Ball
Bob Crawford steals 2nd base
3-2: Base on Balls
Batting: LHB Howard Tyler 0-0: Ball
1-0: Swinging Strike
1-1: 3-RUN HOME RUN (Flyball, 9D), Distance : 350 ft
Pitching: RHP Armando Lazaro
Batting: RHB Fernando Pagán 0-0: Ball
1-0: Called Strike
1-1: SINGLE (Flyball, 7S)
Batting: RHB Mike Jorgenson 0-0: Fly out, F9 (Line Drive, 89M)
Top of the 9th over - 4 runs, 3 hits, 0 errors, 1 left on base; Mississippi 8 - Virginia 4
BOTTOM OF THE 9TH
Virginia Cavaliers batting - Pitching for Mississippi Rebels : LHP Paul Hart
Pitching: RHP Mark Campbell
Now in RF: Judd White
Batting: SHB Ed Andrews 0-0: SOLO HOME RUN (Flyball, 9D), Distance : 370 ft
Batting: RHB Scott Hughes 0-0: Called Strike
0-1: Fly out, F8 (Flyball, 8RD)
Batting: LHB Jason Thompson 0-0: Ball
1-0: Ball
2-0: Ball
3-0: Called Strike
3-1: Base on Balls
Batting: LHB Jack Davis 0-0: Swinging Strike
0-1: Ball
1-1: Ball
Wild Pitch!
Jason Thompson to second
2-1: Ball
3-1: Base on Balls
Batting: LHB Andrés Méndez 0-0: Called Strike
0-1: Foul Ball, location: 2F
0-2: Ball
1-2: Foul Ball, location: 2F
1-2: Ball
2-2: Strikes out swinging
Batting: RHB Randy Love 0-0: Ball
1-0: Foul Ball, location: 2F
1-1: Ball
2-1: Ball
3-1: Base on Balls
Jason Thompson to third
Jack Davis to second
Batting: SHB Ed Hall 0-0: Called Strike
0-1: Ball
1-1: Called Strike
1-2: Ball
2-2: Foul Ball, location: 2F
2-2: Strikes out swinging
Bottom of the 9th over - 1 run, 1 hit, 0 errors, 3 left on base; Mississippi 8 - Virginia 5
Saturday, April 7th, 2018 - OOTP Baseball 18.8 Build 76